 Dungeon Crawl Stone Soup version 0.18.1-8-gdd0e5ea (webtiles) character file.

4210 Gargoyl the Protected (level 10, 0/115 HPs)
             Began as a Demonspawn Abyssal Knight on June 8, 2016.
             Was a High Priest of Lugonu.
             Killed from afar by an orc wizard (5 damage)
             ... with a puff of flame
             ... on level 8 of the Dungeon.
             The game lasted 00:19:54 (8023 turns).

Gargoyl the Protected (Demonspawn Abyssal Knight)   Turns: 8023, Time: 00:19:54

Health: 0/115      AC: 22    Str: 20      XL:     10   Next: 8%
Magic:  10/10      EV:  9    Int: 13 (15) God:    Lugonu [*****.]
Gold:   342        SH:  0    Dex: 13 (14) Spells: 0 memorised, 9 levels left

rFire  + . .     SeeInvis +     a - +2 hand axe
rCold  . . .     Gourm    .     y - +0 chain mail
rNeg   . . .     Faith    .     (no shield)
rPois  .         Spirit   .     n - +2 hat
rElec  .         Dismiss  .     (no cloak)
rCorr  .         Reflect  .     A - +0 pair of gloves
SustAt .         Harm     .     (no boots)
MR     .....     Rnd*Rage +     u - amulet of regeneration
Stlth  ..........               B - +2 ring of dexterity
                                d - +5 ring of protection

@: berserking, drained, very quick, not resistant to hostile enchantments,
extremely unstealthy
A: antennae 1, claws 1, talons 2, molten scales 2, see invisible, berserk 1,
blink, deterioration 1, fire resistance 1, low mp 1, sense surroundings 1, slow
regeneration 1, spiny 2, MP-powered wands
a: Blink, Depart the Abyss, Bend Space, Banish, Corrupt, Enter the Abyss,
Renounce Religion


You were on level 8 of the Dungeon.
You worshipped Lugonu.
Lugonu was extremely pleased with you.
You were not hungry.

You visited 1 branch of the dungeon, and saw 8 of its levels.
You visited the Abyss 1 time.
You also visited: Ossuary.

You collected 342 gold pieces.

Inventory:

Hand Weapons
 a - a +2 hand axe (weapon)
 E - a +0 flail
Missiles
 v - 4 tomahawks (quivered)
Armour
 n - a +2 hat (worn)
 w - a +1 helmet
 y - a +0 chain mail (worn)
 A - a +0 pair of gloves (worn)
Jewellery
 d - a +5 ring of protection (left hand)
 l - an uncursed amulet of rage
 r - an uncursed ring of ice
 u - an amulet of regeneration (around neck)
 B - a +2 ring of dexterity (right hand)
Scrolls
 b - 4 scrolls of fog
 e - 9 scrolls of identify
 j - 4 scrolls of amnesia
 k - 4 scrolls of teleportation
 m - 4 scrolls of remove curse
 t - a scroll of recharging
Potions
 f - 3 potions of curing
 h - a potion of magic
 o - a potion of lignification
 p - 2 potions of flight
 D - a potion of brilliance
Books
 x - a book of the Dragon

   Spells                             Type                      Level
   a - Flame Tongue                   Conjuration/Fire             1
   b - Cause Fear                     Hexes                        4
   c - Bolt of Fire                   Conjuration/Fire             6
   d - Dragon Form                    Transmutation                7
   e - Dragon's Call                  Summoning                    9
Comestibles
 c - 6 bread rations
 g - 6 meat rations
 z - 2 slices of pizza


   Skills:
 + Level 6.3(6.0) Fighting
 + Level 6.3(6.0) Axes
 * Level 9.3(8.9) Armour
 + Level 5.3(5.0) Dodging
 + Level 1.9(1.6) Stealth
 + Level 2.5(2.2) Invocations


You had 9 spell levels left.
You didn't know any spells.

Dungeon Overview and Level Annotations

Branches:
Dungeon (8/15)             Temple (0/1) D:4            Lair (0/8) D:8

Altars:
Dithmenos
Elyvilon
Kikubaaqudgha
Makhleb
Nemelex Xobeh
Okawaru
Qazlal
Sif Muna
Xom

Shops:
D:5 *


Innate Abilities, Weirdness & Mutations

You have razor-sharp toenails.
You are mostly covered in molten scales (AC +3, EV -1).
You are mostly covered in sharp spines.
You have a pair of small antennae on your head.
You have sharp fingernails.
You have supernaturally acute eyesight.
You tend to lose your temper in combat.
You can translocate small distances at will.
Your body sometimes deteriorates upon taking damage.
Your flesh is heat resistant.
Your magical capacity is low (-10% MP).
You passively map a small area around you.
You regenerate slowly when monsters are visible.
You expend magic power (3 MP) to strengthen your wands.


Message History

The warg is almost dead.
The warg bites you.
* * * LOW HITPOINT WARNING * * *
The orc wizard barely misses you. The warg bites you.
* * * LOW HITPOINT WARNING * * *
You slash the warg!
You kill the warg!
Lugonu accepts your kill.
You hit the orc.
You kill the orc!
Lugonu accepts your kill.
You miss the orc wizard.
The orc wizard is moderately wounded.
You slash the warg!
The warg is almost dead.
You miss the warg. The warg is struck by your spines. The warg bites you.
* * * LOW HITPOINT WARNING * * *
The orc wizard gestures at you while chanting.
The puff of flame hits you! You resist.
You die...

, #..##.†.## ##.
##..##'#######
##........... # *
######...........
, ..# *
#................
....##
#.#######+#######
* ......##.# *
##. ,......o#.#
##.. , .....oh@†#
, #...
,.>....ho)# , ,
#... ........## ,
#... , .......##
,*##.. * ......#
, ##. ....## * ##
, ..##* , .# #


You could see 2 wargs, an orc priest and 2 orc wizards.

Vanquished Creatures
  The ghost of KrisztiCat the Covert, a novice SpEn (D:7)
  A hippogriff (D:6)
  A warg (D:8)
  An orc warrior (D:6)
  2 black bears
  4 ice beasts
  4 sky beasts
  A necrophage (D:8)
  The ghost of Dickchan the Changer, an amateur NaTm (D:3)
  2 ogres
  A phantom (D:7)
  5 centaurs
  4 giant frogs
  2 scorpions
  7 howler monkeys
  A jelly (D:5)
  3 crimson imps
  2 orc priests (D:8)
  2 hounds
  A giant frog skeleton (D:6)
  A quasit (D:6)
  2 iguanas
  9 orc wizards
  3 worker ants
  A hound zombie (D:5)
  13 mummies (Ossuary)
  8 gnolls
  11 adders
  4 shadow imps
  An ooze (D:3)
  An adder skeleton (D:6)
  2 worms
  A dart slug (D:1)
  4 giant geckos
  22 orcs
  7 bats
  9 giant cockroaches
  7 goblins
  10 hobgoblins
  2 jackals (D:1)
  8 kobolds
  3 quokkas (D:2)
  6 giant newts
  A goblin skeleton (Ossuary)
  5 kobold skeletons (Ossuary)
  2 orc skeletons (Ossuary)
  A quokka skeleton (D:4)
  13 rats
  11 rat skeletons (Ossuary)
214 creatures vanquished.

Notes
Turn   | Place    | Note
--------------------------------------------------------------
     0 | Abyss:1  | Gargoyl the Demonspawn Abyssal Knight began the quest for the Orb.
     0 | Abyss:1  | Reached XP level 1. HP: 18/18 MP: 2/2
   102 | Abyss:1  | Found a corrupted altar of Lugonu.
   112 | Abyss:1  | Noticed a tentacled starspawn
   112 | D:1      | Escaped the Abyss
   219 | D:1      | Gained mutation: You are partially covered in sharp spines. [demonic ancestry]
   219 | D:1      | Reached XP level 2. HP: 24/24 MP: 3/3
   256 | D:1      | Reached * piety under Lugonu
   363 | D:1      | Reached skill level 1 in Dodging
   675 | D:2      | Reached XP level 3. HP: 29/29 MP: 4/4
   675 | D:2      | Reached skill level 2 in Armour
  1136 | D:2      | Gained mutation: You are partially covered in molten scales (AC +1). [demonic ancestry]
  1136 | D:2      | Reached XP level 4. HP: 37/37 MP: 5/5
  1564 | D:2      | Reached ** piety under Lugonu
  2111 | D:3      | Noticed a black bear
  2119 | D:3      | Killed a black bear
  2119 | D:3      | Reached skill level 3 in Armour
  2119 | D:3      | Gained mutation: You have sharp toenails. [demonic ancestry]
  2119 | D:3      | Reached XP level 5. HP: 38/42 MP: 6/6
  2237 | D:3      | Found a sparkling altar of Nemelex Xobeh.
  2243 | D:3      | Noticed Dickchan's ghost (amateur NaTm)
  2263 | D:3      | Killed Dickchan's ghost
  2263 | D:3      | Gained mutation: You are mostly covered in sharp spines. [demonic ancestry]
  2263 | D:3      | Reached XP level 6. HP: 34/49 MP: 7/7
  2832 | D:4      | Found a stormy altar of Qazlal.
  2835 | D:4      | Found a burning altar of Makhleb.
  2849 | D:4      | Found an ancient bone altar of Kikubaaqudgha.
  2865 | D:4      | Found a white marble altar of Elyvilon.
  2902 | D:4      | Found a staircase to the Ecumenical Temple.
  2944 | D:4      | Reached skill level 4 in Armour
  2944 | D:4      | Gained mutation: You have razor-sharp toenails. [demonic ancestry]
  2944 | D:4      | Reached XP level 7. HP: 55/55 MP: 8/8
  2982 | D:4      | Reached skill level 1 in Stealth
  3169 | D:4      | Reached *** piety under Lugonu
  3455 | D:5      | Entered Level 5 of the Dungeon
  3603 | D:5      | Reached skill level 5 in Armour
  3703 | D:5      | Gained mutation: You have a pair of small antennae on your head. [mutagenic meat]
  3704 | D:5      | Gained mutation: You passively map a small area around you. [mutagenic meat]
  3706 | D:5      | Gained mutation: You tend to lose your temper in combat. [mutagenic meat]
  3707 | D:5      | Gained mutation: You expend magic power (3 MP) to strengthen your wands. [mutagenic meat]
  3712 | D:5      | Gained mutation: Your magical capacity is low (-10% MP). [potion of mutation]
  3712 | D:5      | Gained mutation: Your flesh is heat resistant. [potion of mutation]
  3836 | D:5      | Reached XP level 8. HP: 61/61 MP: 8/8
  4067 | D:5      | Gained mutation: You possess an exceptional clarity of mind. [mutagenic meat]
  4069 | D:5      | Gained mutation: You are robust (+10% HP). [mutagenic meat]
  4070 | D:5      | Gained mutation: You have sharp fingernails. [mutagenic meat]
  4071 | D:5      | Lost mutation: You are robust (+10% HP). [mutagenic meat]
  4102 | D:5      | Found a sand-covered staircase.
  4107 | Ossuary  | Entered an ossuary
  4154 | Ossuary  | Reached skill level 5 in Fighting
  4179 | Ossuary  | Reached skill level 6 in Armour
  4183 | Ossuary  | Gained mutation: Your body sometimes deteriorates upon taking damage. [potion of mutation]
  4234 | Ossuary  | Reached **** piety under Lugonu
  4577 | Ossuary  | Gained mutation: You regenerate slowly when monsters are visible. [potion of mutation]
  4577 | Ossuary  | Lost mutation: You possess an exceptional clarity of mind. [potion of mutation]
  4577 | Ossuary  | Gained mutation: You can translocate small distances at will. [potion of mutation]
  4578 | Ossuary  | Gained mutation: You have supernaturally acute eyesight. [potion of beneficial mutation]
  4921 | D:5      | Found Usmiudau's Serpentskin Sales.
  5544 | D:6      | Reached skill level 7 in Armour
  5658 | D:6      | Reached skill level 5 in Axes
  5799 | D:6      | Found a shimmering altar of Xom.
  5874 | D:6      | Gained mutation: You are mostly covered in molten scales (AC +3, EV -1). [demonic ancestry]
  5874 | D:6      | Reached XP level 9. HP: 68/68 MP: 9/9
  5947 | D:6      | Found a deep blue altar of Sif Muna.
  5949 | D:6      | Found an iron altar of Okawaru.
  6569 | D:7      | Reached skill level 8 in Armour
  6573 | D:7      | Reached ***** piety under Lugonu
  6934 | D:7      | Reached skill level 5 in Dodging
  7056 | D:7      | Found a shadowy altar of Dithmenos.
  7127 | D:7      | Noticed KrisztiCat's ghost (novice SpEn)
  7140 | D:7      | Killed KrisztiCat's ghost
  7179 | D:7      | Reached skill level 9 in Armour
  7767 | D:8      | Reached XP level 10. HP: 74/76 MP: 10/10
  8012 | D:8      | Found a staircase to the Lair.
  8023 | D:8      | HP: 5/115 [warg (5)]
  8023 | D:8      | Killed from afar by an orc wizard

Skill      XL: |  1  2  3  4  5  6  7  8  9 |
---------------+----------------------------+-----
Axes           | 2 3 4 5 6 |  6.3
Dodging        | 1 2 3 4 5 |  5.3
Armour         | 2 3 4 5 7 9 |  9.3
Fighting       | 4 5 6 |  6.3
Stealth        | 1 |  1.9
Invocations    | |  2.5

Action                   |  1- 3 |  4- 6 |  7- 9 | 10-12 || total
-------------------------+-------+-------+-------+-------++-------
Melee: Hand axe          |    44 |    66 |   290 |    19 ||   419
       Kick              |       |    13 |    71 |     5 ||    89
Invok: Depart the Abyss  |     1 |       |       |       ||     1
  Use: Potion            |       |       |    17 |     3 ||    20
       Scroll            |       |       |    11 |     1 ||    12
  Eat: Chunk             |     1 |     5 |    24 |       ||    30
       Fruit             |       |       |     4 |       ||     4
       Royal jelly       |       |       |     1 |       ||     1
       Bread ration      |       |       |       |     1 ||     1
Armor: Leather armour    |     4 |       |       |       ||     4
       Ring mail         |    13 |    23 |    10 |       ||    46
       Chain mail        |       |       |   197 |    22 ||   219
Dodge: Dodged            |    39 |    50 |   114 |    14 ||   217
